 Dungeon Sprint DCSS version 0.17-a0-1646-geb1493d (webtiles) character file.

31791 Kidiri the Peltast (level 13, -13/125 HPs)
             Began as a Minotaur Fighter on Aug 9, 2015.
             Was a High Priest of Okawaru.
             Mangled by an orc knight
             ... wielding a +0 dire flail
              (26 damage)
             ... in the Dungeon (Sprint VII: "The Pits").
             The game lasted 00:27:30 (4075 turns).

Kidiri the Peltast (Minotaur Fighter)               Turns: 4075, Time: 00:27:30

Health: -13/125    AC: 31    Str: 33    XL:     13   Next: 27%
Magic:  20/23      EV: 18    Int: 10    God:    Okawaru [*****.]
Gold:   49         SH: 19    Dex: 13    Spells: 0 memorised, 12 levels left

rFire  . . .     SeeInvis .     y - +7 mace "Yqixteal" {freeze, MR+ Dex+2 Stlth+}
rCold  x . .     Clarity  .     w - +4 plate armour {MR+}
rNeg   + + +     SustAt   .     c - +0 shield
rPois  +         Gourm    .     (helmet restricted)
rElec  +         Spirit   .     g - +1 cloak {rPois}
rCorr  .         Warding  +     b - -1 pair of gloves of Mirth {rElec rC- rN+++ Regen+}
rMut   .         NoTele   +     s - +0 pair of boots
MR     ++...                    z - amulet of warding
Stlth  ..........               t - +3 ring of intelligence
                                r - +3 ring of strength

@: mighty, heroism, finesse, very resistant to hostile enchantments, extremely
unstealthy
A: retaliatory headbutt, horns 2, clever 1, high mp 1, MP-powered wands
a: Heroism, Finesse, Renounce Religion


You were in the Dungeon.
You worshipped Okawaru.
Okawaru was extremely pleased with you.
You were not hungry.

You visited 1 branch You collected 49 gold pieces.

Inventory:

Hand weapons
 y - the +7 mace "Yqixteal" (weapon) {freeze, MR+ Dex+2 Stlth+}
   (Okawaru gifted it to you in the Dungeon)

   It has been specially enchanted to freeze those struck by it, causing extra
   injury to most foes and up to half again as much damage against particularly
   susceptible opponents.
   It can also slow down cold-blooded creatures.
   It affects your dexterity (+2).
   It affects your resistance to hostile enchantments.
   It makes you more stealthy.
Armour
 b - the -1 pair of gloves of Mirth (worn) {rElec rC- rN+++ Regen+}
   (Okawaru gifted it to you in the Dungeon)

   It makes you vulnerable to cold.
   It insulates you from electricity.
   It renders you almost immune to negative energy.
   It increases your rate of regeneration.
 c - a +0 shield (worn)
 g - a +1 cloak of poison resistance (worn)
 s - a +0 pair of boots (worn)
 w - a +4 plate armour of magic resistance (worn)
Jewellery
 r - a +3 ring of strength (left hand)
 t - a +3 ring of intelligence (right hand)
 z - an amulet of warding (around neck)
Scrolls
 k - 2 scrolls of blinking
 o - 6 scrolls of remove curse
 p - 5 scrolls of amnesia
 C - a scroll of recharging
 D - a scroll of fear
 E - a scroll of fog
Potions
 d - a potion of might
 f - 7 potions of curing
 h - 4 potions of haste
 i - 4 potions of magic
 j - 5 potions of berserk rage
 n - 2 potions of invisibility
 u - a potion of resistance
 v - a potion of agility
 A - 2 potions of cure mutation
 B - a potion of brilliance
Comestibles
 a - 40 fruits
 e - 8 bread rations
 m - 8 meat rations
 F - 3 chunks of flesh
 G - 5 royal jellies


   Skills:
 + Level 14.6(19.6) Fighting
 * Level 19.2(24.2) Maces & Flails
 * Level 19.3(24.3) Armour
 + Level 13.2(18.2) Dodging
 * Level 19.3(24.3) Shields
 + Level 11.8 Invocations


You had 12 spell levels left.
You didn't know any spells.

Dungeon Overview and Level Annotations

Branches:
Dungeon (1/1)

Altars:
Ashenzari
Cheibriados
Dithmenos
Elyvilon
Fedhas
Gozag
Kikubaaqudgha
Makhleb
Nemelex Xobeh
Okawaru
Qazlal
Ru
Sif Muna
Trog
Vehumet
Xom
Yredelemnul
Zin
The Shining One
Beogh
Jiyva
Lugonu


Innate Abilities, Weirdness & Mutations

You reflexively headbutt those who attack you in melee.
You have a pair of horns on your head.
Your mind is acute. (Int +2)
You have an increased reservoir of magic (+10% MP).
You expend magic power (3 MP) to strengthen your wands.


Message History

The orc knight hits you but does no damage.
Unknown command.
You hit the orc knight but do no damage.
The orc knight is lightly wounded.
You block the orc knight's attack.
Unknown command.
You sock the orc knight! You freeze the orc knight.
You headbutt the orc knight!
The orc knight is moderately wounded.
You block the orc knight's attack. The orc knight barely misses you.
Unknown command.
You hit the orc knight. You freeze the orc knight. You headbutt the orc knight.
The orc knight is heavily wounded.
The death knight hits you from afar with an enchanted glaive.
* * * LOW HITPOINT WARNING * * *
Unknown command.
You barely miss the orc knight.
The orc knight is heavily wounded.
The orc knight hits you with a dire flail!!
You die...

..# ..# ..+ ..+ ++#
++###############################
...................%.)..........)
..%..............................
..##############@o##############[
..#


#ooooo.# #. ..# #.opoo.# #. ..# #...p..# #. ..# ###..### #. ..# .... #. %.#
...... #. ..# ##....## #. ..# #....# #. You could see an orc warlord, a death
knight, a vault guard and 8 orc knights.

Vanquished Creatures
  2 bone dragons (D)
  An orc warlord (D)
  A dire elephant (D)
  A yellow draconian (D)
  A merfolk impaler (D)
  A fire dragon (D)
  A catoblepas (D)
  An ice dragon (D)
  An anaconda (D)
  An ogre mage (D)
  A vampire mage (D)
  2 alligator snapping turtles (D)
  An orc high priest (D)
  A sun demon (D)
  A spriggan (D)
  A sea snake (D)
  An unseen horror (D)
  A deep elf summoner (D)
  A flayed ghost (D)
  Pikel (D)
  A cyclops (D)
  A phantasmal warrior (D)
  A lindwurm (D)
  A hill giant (D)
  2 wolf spiders (D)
  2 griffons (D)
  An elephant (D)
  A spiny frog (D)
  A guardian serpent (D)
  2 gargoyles (D)
  A black mamba (D)
  An orange demon (D)
  An eye of devastation (D)
  A demonic crawler (D)
  2 fire drakes (D)
  An efreet (D)
  3 two-headed ogres (D)
  A wind drake (D)
  A freezing wraith (D)
  A merfolk (D)
  4 blink frogs (D)
  2 porcupines (D)
  A trapdoor spider (D)
  A flying skull (D)
  2 air elementals (D)
  4 redbacks (D)
  2 tarantellas (D)
  A vampire (D)
  A deep elf fighter (D)
  A hippogriff (D)
  A wraith (D)
  Eustachio (D)
  A neqoxec (D)
  A scorpion (D)
  A steam dragon (D)
  2 soldier ants (D)
  A swamp drake (D)
  2 small abominations (D)
  Purgy (D)
  An eye of draining (D)
  2 wasps (D)
  An orc warrior (D)
  A slave (D)
  5 ogres (D)
  A crocodile (D)
  2 brain worms (D)
  An earth elemental (D)
  A gnoll sergeant (D)
  A giant frog (D)
  A jelly (D)
  2 hounds (D)
  An iguana (D)
  2 orc wizards (D)
  6 gnolls (D)
  2 adders (D)
  A river rat (D)
  A giant eyeball (D)
  3 ufetubi (D)
  6 orcs (D)
  A bat skeleton (D)
  A hobgoblin (D)
  A quokka (D)
  A ball python (D)
  A giant newt (D)
  2 goblins (D)
  A jackal simulacrum (D)
  A jackal zombie (D)
  3 rats (D)
131 creatures vanquished.

Vanquished Creatures (others)
  A deep elf blademaster (D)
  A death knight (D)
  A deep troll (D)
  A necromancer (D)
  3 yaktaurs (D)
  3 slaves (D)
  An orc wizard (D)
11 creatures vanquished.

Grand Total: 142 creatures vanquished

Notes
Turn   | Place    | Note
--------------------------------------------------------------
     0 | D        | Kidiri the Minotaur Fighter began the quest for the Orb.
     0 | D        | Reached XP level 1. HP: 19/19 MP: 0/0
    14 | D        | Paralysed by a giant eyeball for 3 turns
    19 | D        | Reached skill level 4 in Armour
    27 | D        | Found a sacrificial altar of Ru.
    27 | D        | Found a basalt altar of Yredelemnul.
    27 | D        | Found a shadowy altar of Dithmenos.
    27 | D        | Found a deep blue altar of Sif Muna.
    27 | D        | Found a burning altar of Makhleb.
    27 | D        | Found a shimmering altar of Xom.
    27 | D        | Found an ancient bone altar of Kikubaaqudgha.
    27 | D        | Found a sparkling altar of Nemelex Xobeh.
    28 | D        | Found a glowing golden altar of the Shining One.
    28 | D        | Found a bloodstained altar of Trog.
    28 | D        | Found a shattered altar of Ashenzari.
    28 | D        | Found a white marble altar of Elyvilon.
    28 | D        | Found a snail-covered altar of Cheibriados.
    28 | D        | Found a blossoming altar of Fedhas.
    28 | D        | Found a radiant altar of Vehumet.
    28 | D        | Found a glowing silver altar of Zin.
    28 | D        | Found a corrupted altar of Lugonu.
    28 | D        | Found a viscous altar of Jiyva.
    28 | D        | Found a roughly hewn altar of Beogh.
    28 | D        | Found an iron altar of Okawaru.
    34 | D        | Found a stormy altar of Qazlal.
    35 | D        | Found an opulent altar of Gozag.
    37 | D        | Became a worshipper of Warmaster Okawaru
    78 | D        | Noticed a brain worm
    82 | D        | Killed a brain worm
    82 | D        | Reached skill level 5 in Fighting
    82 | D        | Reached skill level 5 in Maces & Flails
    82 | D        | Reached skill level 6 in Armour
    82 | D        | Reached skill level 5 in Shields
    82 | D        | Reached XP level 2. HP: 20/29 MP: 1/1
    82 | D        | Reached XP level 3. HP: 24/36 MP: 2/2
    82 | D        | Reached XP level 4. HP: 28/42 MP: 3/3
   224 | D        | Noticed a gnoll sergeant
   235 | D        | Reached skill level 1 in Invocations
   237 | D        | Acquired Okawaru's first power
   254 | D        | Killed a gnoll sergeant
   254 | D        | Reached skill level 7 in Armour
   254 | D        | Reached XP level 5. HP: 21/50 MP: 3/5
   382 | D        | Killed a death knight
   447 | D        | Killed a deep elf blademaster
   509 | D        | Noticed Pikel
   509 | D        | Noticed a slave
   509 | D        | Noticed a jelly
   510 | D        | Noticed a slave
   510 | D        | Noticed a scorpion
   512 | D        | Killed a deep troll
   524 | D        | Noticed a slave
   524 | D        | Killed a slave
   525 | D        | Noticed a slave
   533 | D        | Noticed a giant frog
   538 | D        | Noticed a porcupine
   539 | D        | Killed Pikel
   539 | D        | Reached skill level 9 in Maces & Flails
   539 | D        | Reached skill level 5 in Dodging
   539 | D        | Reached XP level 6. HP: 45/60 MP: 4/8
   539 | D        | Reached XP level 7. HP: 49/66 MP: 4/9
   542 | D        | Noticed an orc wizard
   543 | D        | Killed a jelly
   543 | D        | Reached skill level 10 in Armour
   546 | D        | Killed an orc wizard
   548 | D        | Killed a freed slave
   549 | D        | Killed a freed slave
   554 | D        | Killed a freed slave
   558 | D        | Killed a giant frog
   558 | D        | Reached skill level 10 in Shields
   566 | D        | Killed a porcupine
   566 | D        | Reached skill level 10 in Maces & Flails
   569 | D        | Noticed an orc wizard
   571 | D        | Noticed an orc wizard
   571 | D        | Killed a scorpion
   589 | D        | Killed an orc wizard
   589 | D        | Reached XP level 8. HP: 26/74 MP: 7/10
   593 | D        | Killed an orc wizard
   811 | D        | Noticed a deep elf fighter
   832 | D        | Killed a deep elf fighter
   832 | D        | Reached skill level 11 in Armour
   832 | D        | Reached skill level 5 in Invocations
   957 | D        | Noticed an iguana
   968 | D        | Killed an iguana
   974 | D        | Killed a yaktaur
   983 | D        | Noticed Purgy
   983 | D        | Noticed a crocodile
   983 | D        | Noticed a black mamba
   994 | D        | Killed a black mamba
  1005 | D        | Killed Purgy
  1012 | D        | Killed a crocodile
  1062 | D        | Killed a yaktaur
  1180 | D        | Noticed a brain worm
  1180 | D        | Noticed a flying skull
  1183 | D        | Killed a brain worm
  1198 | D        | Killed a flying skull
  1198 | D        | Reached skill level 12 in Armour
  1210 | D        | Noticed a small abomination
  1210 | D        | Noticed a wasp
  1210 | D        | Noticed an orange demon
  1212 | D        | Killed a small abomination
  1212 | D        | Reached XP level 9. HP: 67/83 MP: 12/12
  1215 | D        | Killed a wasp
  1219 | D        | Killed an orange demon
  1388 | D        | Killed a yaktaur
  1427 | D        | Noticed a sea snake
  1427 | D        | Noticed a griffon
  1427 | D        | Noticed a freezing wraith
  1432 | D        | Killed a griffon
  1438 | D        | Killed a sea snake
  1438 | D        | Acquired Okawaru's second power
  1438 | D        | Reached skill level 10 in Fighting
  1438 | D        | Reached skill level 13 in Armour
  1443 | D        | Killed a freezing wraith
  1791 | D        | Noticed a hippogriff
  1797 | D        | Killed a hippogriff
  1798 | D        | Noticed a griffon
  1798 | D        | Noticed a steam dragon
  1808 | D        | Noticed a vampire
  1808 | D        | Noticed a lindwurm
  1814 | D        | Killed a griffon
  1814 | D        | Reached XP level 10. HP: 64/93 MP: 14/14
  1817 | D        | Noticed a small abomination
  1824 | D        | Killed a small abomination
  1825 | D        | Killed a steam dragon
  1832 | D        | Killed a lindwurm
  1833 | D        | Killed a vampire
  2046 | D        | Noticed a demonic crawler
  2046 | D        | Noticed a gargoyle
  2054 | D        | Killed a demonic crawler
  2054 | D        | Reached skill level 14 in Armour
  2058 | D        | Killed a gargoyle
  2061 | D        | Noticed a neqoxec
  2076 | D        | Killed a neqoxec
  2408 | D        | Noticed an ogre
  2408 | D        | Noticed an orc warrior
  2409 | D        | Noticed a fire drake
  2409 | D        | Noticed an orc high priest
  2413 | D        | Killed an ogre
  2416 | D        | Killed an orc warrior
  2419 | D        | Killed a fire drake
  2423 | D        | Killed an orc high priest
  2646 | D        | Noticed a redback
  2650 | D        | Killed a redback
  2650 | D        | Received a gift from Okawaru
  2694 | D        | Noticed a deep elf summoner
  2694 | D        | Noticed a porcupine
  2694 | D        | Noticed a hound
  2694 | D        | Noticed a gargoyle
  2694 | D        | Noticed a blink frog
  2694 | D        | Noticed a blink frog
  2695 | D        | Noticed a wraith
  2695 | D        | Noticed a hound
  2695 | D        | Noticed a blink frog
  2696 | D        | Noticed a hill giant
  2696 | D        | Noticed a blink frog
  2697 | D        | Noticed a phantasmal warrior
  2697 | D        | Noticed a fire drake
  2697 | D        | Killed a hound
  2698 | D        | Noticed a soldier ant
  2698 | D        | Noticed a catoblepas
  2700 | D        | Killed a porcupine
  2702 | D        | Killed a hound
  2709 | D        | Killed a phantasmal warrior
  2709 | D        | Reached skill level 10 in Dodging
  2714 | D        | Killed a blink frog
  2715 | D        | Killed a blink frog
  2729 | D        | Killed a blink frog
  2729 | D        | Reached skill level 15 in Armour
  2729 | D        | Reached XP level 11. HP: 68/102 MP: 9/16
  2738 | D        | Killed a fire drake
  2738 | D        | Reached skill level 15 in Shields
  2741 | D        | Killed a hill giant
  2741 | D        | Reached skill level 15 in Maces & Flails
  2743 | D        | Killed a gargoyle
  2748 | D        | Killed a soldier ant
  2754 | D        | Killed a catoblepas
  2758 | D        | Killed a blink frog
  2768 | D        | Killed a deep elf summoner
  2808 | D        | Killed a wraith
  3102 | D        | Noticed a redback
  3102 | D        | Noticed a two-headed ogre
  3102 | D        | Noticed a yellow draconian
  3102 | D        | Noticed an elephant
  3103 | D        | Noticed a two-headed ogre
  3104 | D        | Noticed a two-headed ogre
  3105 | D        | Killed a redback
  3109 | D        | Noticed a sun demon
  3109 | D        | Noticed a cyclops
  3109 | D        | Killed a two-headed ogre
  3112 | D        | Noticed an anaconda
  3112 | D        | Killed a two-headed ogre
  3115 | D        | Noticed an ogre mage
  3116 | D        | Killed a sun demon
  3116 | D        | Reached skill level 16 in Armour
  3118 | D        | Noticed a fire dragon
  3120 | D        | Noticed an ogre
  3121 | D        | Killed an anaconda
  3128 | D        | Killed a yellow draconian
  3131 | D        | Noticed an ice dragon
  3131 | D        | Noticed an ogre
  3137 | D        | Noticed a tarantella
  3146 | D        | Killed a fire dragon
  3153 | D        | Noticed a wind drake
  3153 | D        | Killed a cyclops
  3157 | D        | Noticed an ogre
  3164 | D        | Killed a wind drake
  3175 | D        | Killed an ogre mage
  3175 | D        | Reached skill level 10 in Invocations
  3179 | D        | Noticed a vampire mage
  3191 | D        | Killed an ice dragon
  3191 | D        | Received a gift from Okawaru
  3191 | D        | Reached XP level 12. HP: 29/113 MP: 15/18
  3192 | D        | Got a pair of slimy gloves {god gift}
  3194 | D        | Killed a tarantella
  3194 | D        | Reached skill level 17 in Armour
  3197 | D        | Killed an ogre
  3200 | D        | Killed an ogre
  3202 | D        | Killed a two-headed ogre
  3206 | D        | Killed an ogre
  3218 | D        | Killed an elephant
  3222 | D        | Noticed a merfolk impaler
  3224 | D        | Identified the -1 pair of gloves of Mirth {rElec rC- rN+++ Regen+} (Okawaru gifted it to you in the Dungeon)
  3228 | D        | Killed a vampire mage
  3232 | D        | Noticed a merfolk
  3237 | D        | Killed a necromancer
  3248 | D        | Killed a merfolk impaler
  3251 | D        | Noticed a soldier ant
  3258 | D        | Killed a merfolk
  3262 | D        | Killed a soldier ant
  3275 | D        | Noticed an alligator snapping turtle
  3276 | D        | Noticed a wolf spider
  3285 | D        | Killed a wolf spider
  3303 | D        | Killed an alligator snapping turtle
  3329 | D        | Noticed a flayed ghost
  3349 | D        | Noticed an ogre
  3350 | D        | Killed an ogre
  3409 | D        | Killed a flayed ghost
  3422 | D        | Noticed a trapdoor spider
  3425 | D        | Killed a trapdoor spider
  3509 | D        | Noticed a bone dragon
  3509 | D        | Noticed an earth elemental
  3509 | D        | Noticed a bone dragon
  3509 | D        | Noticed an alligator snapping turtle
  3509 | D        | Noticed a dire elephant
  3509 | D        | Noticed a wolf spider
  3509 | D        | Noticed an eye of draining
  3509 | D        | Noticed an air elemental
  3525 | D        | Killed a bone dragon
  3525 | D        | Reached skill level 18 in Maces & Flails
  3529 | D        | Killed an air elemental
  3537 | D        | Killed a wolf spider
  3545 | D        | Killed a bone dragon
  3545 | D        | Received a gift from Okawaru
  3548 | D        | Got a jewelled mace {god gift}
  3549 | D        | Identified the +7 mace "Yqixteal" {freeze, MR+ Dex+2 Stlth+} (Okawaru gifted it to you in the Dungeon)
  3566 | D        | Killed a dire elephant
  3566 | D        | Reached XP level 13. HP: 42/124 MP: 1/20
  3572 | D        | Killed an eye of draining
  3576 | D        | Killed an earth elemental
  3598 | D        | Killed an alligator snapping turtle
  3839 | D        | Noticed Eustachio
  3843 | D        | Killed Eustachio
  3857 | D        | Killed an unseen horror
  3862 | D        | Noticed a spiny frog
  3862 | D        | Noticed an eye of devastation
  3862 | D        | Noticed a tarantella
  3867 | D        | Killed a tarantella
  3874 | D        | Killed an eye of devastation
  3880 | D        | Killed a spiny frog
  3880 | D        | Reached skill level 19 in Armour
  3896 | D        | Noticed a swamp drake
  3903 | D        | Noticed a guardian serpent
  3906 | D        | Killed a swamp drake
  3912 | D        | Killed a guardian serpent
  3912 | D        | Received a gift from Okawaru
  3928 | D        | Gained mutation: You heal slowly when monsters are visible. [mutagenic meat]
  3929 | D        | Lost mutation: You heal slowly when monsters are visible. [mutagenic meat]
  3930 | D        | Gained mutation: You have an increased reservoir of magic (+10% MP). [mutagenic meat]
  3931 | D        | Gained mutation: Your mind is acute. (Int +2) [mutagenic meat]
  3932 | D        | Gained mutation: You expend magic power (3 MP) to strengthen your wands. [mutagenic meat]
  3949 | D        | Noticed a redback
  3950 | D        | Noticed a redback
  3954 | D        | Killed a redback
  3955 | D        | Noticed an efreet
  3961 | D        | Killed a redback
  3966 | D        | Killed an efreet
  3979 | D        | Noticed a spriggan rider
  3980 | D        | Noticed an air elemental
  3993 | D        | Killed a spriggan rider
  3993 | D        | Killed a wasp
  3996 | D        | Killed an air elemental
  4041 | D        | Noticed a death knight
  4042 | D        | Noticed an orc knight
  4042 | D        | Noticed an orc knight
  4042 | D        | Noticed an orc knight
  4042 | D        | Noticed an orc knight
  4043 | D        | Noticed an orc knight
  4043 | D        | Noticed an orc warlord
  4043 | D        | Noticed an orc knight
  4044 | D        | Noticed an orc warlord
  4044 | D        | Noticed an orc knight
  4045 | D        | Noticed an orc knight
  4051 | D        | Noticed a wizard
  4051 | D        | Noticed a vault guard
  4066 | D        | Killed an orc warlord
  4075 | D        | Mangled by an orc knight

Vault maps used:
D:        pitsprint

Action                   |  1- 3 |  4- 6 |  7- 9 | 10-12 | 13-15 || total
-------------------------+-------+-------+-------+-------+-------++-------
Melee: Mace              |     4 |    70 |    81 |    14 |   112 ||   281
       Flail             |     3 |       |       |       |       ||     3
       Morningstar       |       |       |    55 |   313 |       ||   368
Invok: Heroism           |       |     1 |     5 |     8 |     2 ||    16
       Finesse           |       |       |       |     3 |     2 ||     5
  Use: Potion            |       |     1 |     1 |    10 |     3 ||    15
       Scroll            |       |       |       |     3 |     1 ||     4
 Stab: Petrifying        |       |       |       |     1 |       ||     1
       Petrified         |       |       |       |     1 |       ||     1
  Eat: Meat ration       |       |       |     1 |     1 |       ||     2
       Chunk             |       |       |       |       |     6 ||     6
       Royal jelly       |       |       |       |       |     1 ||     1
